 Dungeon Sprint DCSS version 0.30-a0-738-g116ff8c4af (webtiles) character file.

Game seed: 16579598625012034369

831 sircluck the Spear-Bearer (level 7, -2/61 HPs)
             Began as a Gnoll Reaver on Feb 3, 2023.
             Slain by a kobold demonologist
             ... wielding a +0 dagger
              (6 damage)
             ... while paralysed by a floating eye
             ... in the Dungeon (Sprint I: "Red Sonja").
             The game lasted 00:03:16 (667 turns).

sircluck the Spear-Bearer (Gnoll Reaver)             Turns: 667, Time: 00:03:16

Health: -2/61      AC:  3    Str: 14    XL:     7   Next: 98%
Magic:  16/18      EV:  2    Int: 12    God:
Gold:   436        SH:  0    Dex: 10    Spells: 21/22 levels left

rFire   . . .      SeeInvis .    a - +0 spear
rCold   . . .      Faith    .    (no shield)
rNeg    . . .      Spirit   .    b - +0 leather armour
rPois   .          Reflect  .    (no helmet)
rElec   .          Harm     .    (no cloak)
rCorr   .          Rampage  .    (no gloves)
Will    .....      NoTele   +    (no boots)
Stlth   +++                      (no amulet)
HPRegen 0.30/turn                (no ring)
MPRegen 0.16/turn                (no ring)

@: paralysed, lethally poisoned (-2 -> -25), spiked
A: fangs 1, strong nose, distributed training
a: no special abilities


You were in the Dungeon.
You visited 1 branch You collected 436 gold pieces.

Inventory:

Hand Weapons
 a - a +0 spear (weapon)
 j - a +0 scythe
Armour
 b - a +0 leather armour (worn)
Wands
 i - a wand of charming (3)
Potions
 c - a potion of curing
 d - a potion of heal wounds
 e - a potion of haste
 f - 2 potions of magic
 g - a potion of berserk rage


   Skills:
 + Level 7.8 Fighting
 + Level 6.2 Short Blades
 + Level 6.2 Long Blades
 + Level 6.2 Axes
 + Level 6.2 Maces & Flails
 + Level 9.1 Polearms
 + Level 6.2 Staves
 + Level 6.2 Ranged Weapons
 + Level 6.2 Throwing
 + Level 6.2 Armour
 + Level 7.8 Dodging
 + Level 6.2 Stealth
 + Level 6.2 Shields
 + Level 6.2 Unarmed Combat
 + Level 8.1 Spellcasting
 + Level 7.6 Conjurations
 + Level 5.1 Hexes
 + Level 5.1 Summonings
 + Level 5.1 Necromancy
 + Level 5.1 Translocations
 + Level 5.1 Transmutations
 + Level 5.1 Fire Magic
 + Level 5.1 Ice Magic
 + Level 5.1 Air Magic
 + Level 5.1 Earth Magic
 + Level 5.1 Poison Magic
 + Level 6.8 Invocations
 + Level 6.2 Evocations


You had 21 spell levels left.
You knew the following spells:

 Your Spells              Type           Power      Damage    Failure   Level
a - Kiss of Death         Conj/Necr      80%        2d11      1%          1

Your spell library contained the following spells:

 Spells                   Type           Power      Damage    Failure   Level
 Momentum Strike          Conj/Tloc      40%        3d9       1%          2
 Hailstorm                Conj/Ice       20%        3d6       3%          3


Dungeon Overview and Level Annotations

Branches:
Dungeon (1/1)

Altars:
Cheibriados
Dithmenos
Elyvilon
Fedhas
Gozag
Hepliaklqana
Kikubaaqudgha
Makhleb
Nemelex Xobeh
Okawaru
Qazlal
Ru
Sif Muna
Trog
Uskayaw
Vehumet
Wu Jian
Xom
Yredelemnul
Zin
The Shining One
Jiyva
Lugonu

Shops:
D (


Innate Abilities, Weirdness & Mutations

You have very sharp teeth.
Your uncanny sense of smell can sniff out nearby items.
Your experience applies equally to all skills.


Message History

You suddenly lose the ability to move!
The kobold demonologist hits you with a +0 dagger.
The red devil hits you from afar with a +0 trident of venom!
Barbed spikes become lodged in your body.
You are lethally poisoned!
Your life force feels restored.
Your Short Blades skill increases to level 6!
Your Long Blades skill increases to level 6!
Your Axes skill increases to level 6!
Your Maces & Flails skill increases to level 6!
Your Polearms skill increases to level 9!
Your Staves skill increases to level 6!
Your Ranged Weapons skill increases to level 6!
Your Throwing skill increases to level 6!
Your Armour skill increases to level 6!
Your Stealth skill increases to level 6!
Your Shields skill increases to level 6!
Your Unarmed Combat skill increases to level 6!
Your Spellcasting skill increases to level 8!
Your Hexes skill increases to level 5!
Your Summonings skill increases to level 5!
Your Necromancy skill increases to level 5!
Your Translocations skill increases to level 5!
Your Transmutations skill increases to level 5!
Your Fire Magic skill increases to level 5!
Your Ice Magic skill increases to level 5!
Your Air Magic skill increases to level 5!
Your Earth Magic skill increases to level 5!
Your Poison Magic skill increases to level 5!
Your Evocations skill increases to level 6!
You feel very sick.
The kobold demonologist hits you with a +0 dagger.
The red devil hits you from afar with a +0 trident of venom!
* * * LOW HITPOINT WARNING * * *
Barbed spikes become lodged in your body.
You are more poisoned.
* * * LOW HITPOINT WARNING * * *
You feel extremely sick.
The kobold demonologist hits you with a +0 dagger.
You die...

###################
..#.['..#__#..'.4.#∆∆
∆ ..'..#..'..'..#KG.#
∆ #'#####'#__####)@.+
∆ ..#...#.####∆∆#####
∆ ###..##.# ∆∆
__##'#_.+ ...'..._#
∆∆ __##_.#'#
__###+#.#∆∆∆∆ ∆ ###
### ∆ ∆ ∆ ∆ ∆∆ ∆∆ ∆


You could see a kobold demonologist, a red devil (summoned) and a floating eye.

Vanquished Creatures
  A kobold demonologist (D)
  A slime creature (D)
  Sigmund (D)
  A yak (D)
  An ogre (D)
  A jelly (D)
  Ijyb (D)
7 creatures vanquished.

Notes
Turn   | Place    | Note
-------+----------+-------------------------------------------
     0 | D        | sircluck the Gnoll Reaver began the quest for the Orb.
     0 | D        | Reached XP level 1. HP: 20/20 MP: 6/6
     2 | D        | Noticed Ijyb
    13 | D        | Killed Ijyb
    14 | D        | Reached skill level 1 in Short Blades
    14 | D        | Reached skill level 1 in Long Blades
    14 | D        | Reached skill level 1 in Axes
    14 | D        | Reached skill level 1 in Maces & Flails
    14 | D        | Reached skill level 1 in Staves
    14 | D        | Reached skill level 1 in Ranged Weapons
    14 | D        | Reached skill level 1 in Throwing
    14 | D        | Reached skill level 1 in Armour
    14 | D        | Reached skill level 1 in Stealth
    14 | D        | Reached skill level 1 in Shields
    14 | D        | Reached skill level 1 in Unarmed Combat
    14 | D        | Reached skill level 5 in Spellcasting
    14 | D        | Reached skill level 1 in Hexes
    14 | D        | Reached skill level 1 in Summonings
    14 | D        | Reached skill level 1 in Necromancy
    14 | D        | Reached skill level 1 in Translocations
    14 | D        | Reached skill level 1 in Transmutations
    14 | D        | Reached skill level 1 in Fire Magic
    14 | D        | Reached skill level 1 in Ice Magic
    14 | D        | Reached skill level 1 in Air Magic
    14 | D        | Reached skill level 1 in Earth Magic
    14 | D        | Reached skill level 1 in Poison Magic
    14 | D        | Reached skill level 1 in Evocations
    14 | D        | Reached XP level 2. HP: 8/26 MP: 5/8
    14 | D        | Reached XP level 3. HP: 10/32 MP: 5/9
    20 | D        | Noticed an ogre
    22 | D        | Killed an ogre
    23 | D        | Reached skill level 5 in Fighting
    23 | D        | Reached skill level 7 in Polearms
    23 | D        | Reached skill level 5 in Dodging
    23 | D        | Reached XP level 4. HP: 15/39 MP: 5/11
   212 | D        | Noticed Sigmund
   219 | D        | Killed Sigmund
   220 | D        | Reached skill level 8 in Polearms
   220 | D        | Reached XP level 5. HP: 33/47 MP: 10/14
   220 | D        | Reached XP level 6. HP: 37/53 MP: 10/15
   252 | D        | Found an ornate altar of the Wu Jian Council.
   252 | D        | Found a shimmering blue altar of Sif Muna.
   254 | D        | Found a radiant altar of Vehumet.
   264 | D        | Reached skill level 5 in Invocations
   395 | D        | Found a burning altar of Makhleb.
   395 | D        | Found a viscous altar of Jiyva.
   395 | D        | Found a shimmering altar of Xom.
   395 | D        | Found a corrupted altar of Lugonu.
   395 | D        | Noticed a slime creature
   410 | D        | Killed a slime creature
   411 | D        | Reached skill level 5 in Short Blades
   411 | D        | Reached skill level 5 in Long Blades
   411 | D        | Reached skill level 5 in Axes
   411 | D        | Reached skill level 5 in Maces & Flails
   411 | D        | Reached skill level 5 in Staves
   411 | D        | Reached skill level 5 in Ranged Weapons
   411 | D        | Reached skill level 5 in Throwing
   411 | D        | Reached skill level 5 in Armour
   411 | D        | Reached skill level 5 in Stealth
   411 | D        | Reached skill level 5 in Shields
   411 | D        | Reached skill level 5 in Unarmed Combat
   411 | D        | Reached skill level 5 in Evocations
   411 | D        | Reached XP level 7. HP: 24/60 MP: 14/17
   558 | D        | Found Wugaozxa's Antique Weapon Emporium.
   558 | D        | Found an ancient bone altar of Kikubaaqudgha.
   558 | D        | Found a hazy altar of Hepliaklqana.
   558 | D        | Found a stormy altar of Qazlal.
   558 | D        | Found a hide-covered altar of Uskayaw.
   558 | D        | Found a blossoming altar of Fedhas.
   558 | D        | Found a bloodstained altar of Trog.
   558 | D        | Found an iron altar of Okawaru.
   558 | D        | Found a basalt altar of Yredelemnul.
   558 | D        | Found a glowing golden altar of the Shining One.
   558 | D        | Found a snail-covered altar of Cheibriados.
   558 | D        | Found a sacrificial altar of Ru.
   558 | D        | Found a glowing silver altar of Zin.
   558 | D        | Found a shadowy altar of Dithmenos.
   558 | D        | Found a white marble altar of Elyvilon.
   558 | D        | Noticed a yak
   559 | D        | Found an opulent altar of Gozag.
   563 | D        | Killed a yak
   564 | D        | Found a sparkling altar of Nemelex Xobeh.
   654 | D        | Noticed a kobold demonologist
   655 | D        | Noticed a kobold demonologist
   662 | D        | Noticed a red devil
   665 | D        | Killed a kobold demonologist
   665 | D        | Paralysed by a floating eye for 4 turns
   666 | D        | Reached skill level 9 in Polearms
   666 | D        | Reached skill level 5 in Hexes
   666 | D        | Reached skill level 5 in Summonings
   666 | D        | Reached skill level 5 in Necromancy
   666 | D        | Reached skill level 5 in Translocations
   666 | D        | Reached skill level 5 in Transmutations
   666 | D        | Reached skill level 5 in Fire Magic
   666 | D        | Reached skill level 5 in Ice Magic
   666 | D        | Reached skill level 5 in Air Magic
   666 | D        | Reached skill level 5 in Earth Magic
   666 | D        | Reached skill level 5 in Poison Magic
   667 | D        | Slain by a kobold demonologist

Illustrated notes

Levels and vault maps discovered:
D:        dungeon_sprint_1 [red_sonja_temple_1, red_sonja_temple_small_1]

Skill      XL: |  1  2  3  4  5  6  7 |
---------------+----------------------+-----
Short Blades   | 1 3 4 5 6 |  6.2
Long Blades    | 1 3 4 5 6 |  6.2
Axes           | 1 3 4 5 6 |  6.2
Maces & Flails | 1 3 4 5 6 |  6.2
Staves         | 1 3 4 5 6 |  6.2
Ranged Weapons | 1 3 4 5 6 |  6.2
Throwing       | 1 3 4 5 6 |  6.2
Armour         | 1 3 4 5 6 |  6.2
Stealth        | 1 3 4 5 6 |  6.2
Shields        | 1 3 4 5 6 |  6.2
Unarmed Combat | 1 3 4 5 6 |  6.2
Spellcasting   | 5 6 7 8 |  8.1
Hexes          | 1 2 3 4 5 |  5.1
Summonings     | 1 2 3 4 5 |  5.1
Necromancy     | 1 2 3 4 5 |  5.1
Translocations | 1 2 3 4 5 |  5.1
Transmutations | 1 2 3 4 5 |  5.1
Fire Magic     | 1 2 3 4 5 |  5.1
Ice Magic      | 1 2 3 4 5 |  5.1
Air Magic      | 1 2 3 4 5 |  5.1
Earth Magic    | 1 2 3 4 5 |  5.1
Poison Magic   | 1 2 3 4 5 |  5.1
Invocations    | 2 3 4 5 6 |  6.8
Evocations     | 1 3 4 5 6 |  6.2
Fighting       | 5 6 7 |  7.8
Polearms       | 7 8 9 |  9.1
Dodging        | 5 6 7 |  7.8
Conjurations   | 6 7 |  7.6

Action                     |  1- 3 |  4- 6 |  7- 9 || total
---------------------------+-------+-------+-------++-------
  Melee: Spear             |     9 |    22 |     8 ||    39
         Bite              |     2 |     4 |     1 ||     7
         Punch             |       |     3 |     1 ||     4
   Cast: Kiss of Death     |     3 |     3 |     5 ||    11
    Use: Scroll            |       |       |     1 ||     1
   Stab: Sleeping          |       |     1 |     3 ||     4
 Armour: Leather armour    |       |     1 |     1 ||     2
  Dodge: Dodged            |     4 |     8 |     6 ||    18

Table legend: (Time is in decaauts)
 A = Elapsed time spent in this place.
 B = Non-inter-level travel time spent in this place.
 C = Inter-level travel time spent in this place.
 D = Time resting spent in this place.
 E = Time spent auto-exploring this place.
 F = Levels seen in this place.
 G = Mean time per level.
                   A        B        C        D        E       F      G
               +--------+--------+--------+--------+--------+-----+--------+
         Total |    655 |    655 |      0 |    437 |      0 |   1 |  655.0 |
       Dungeon |    655 |    655 |      0 |    437 |      0 |   1 |  655.0 |
               +--------+--------+--------+--------+--------+-----+--------+

Top non-repeatable levels by time:
       D: 655 daAuts
